 Dungeon Crawl Stone Soup version 0.20-a0-2-g2b0e13a (webtiles) character file.

43 Leibowitz the Poker (level 3, 0/29 HPs)
             Began as a Demigod Gladiator on Oct 28, 2016.
             Slain by a goblin
             ... wielding a +0 dagger
             ... led by Robin
              (5 damage)
             ... on level 1 of the Dungeon.
             The game lasted 00:02:47 (1475 turns).

Leibowitz the Poker (Demigod Gladiator)             Turns: 1475, Time: 00:02:48

Health: 0/29       AC:  4    Str: 18    XL:     3   Next: 20%
Magic:  5/5        EV: 13    Int: 12    God:
Gold:   64         SH:  0    Dex: 18    Spells: 0 memorised, 2 levels left

rFire  . . .     SeeInvis .     a - +0 trident
rCold  . . .     Gourm    .     b - +0 leather armour
rNeg   . . .     Faith    .     (no shield)
rPois  .         Spirit   .     c - +0 helmet
rElec  .         Reflect  .     (no cloak)
rCorr  .         Harm     .     (no gloves)
MR     .....                    (no boots)
Stlth  +.........               (no amulet)
                                (no ring)
                                m - ring of flight

@: no status effects
A: high mp 1
a: Evoke Flight


You were on level 1 of the Dungeon.
You were near starving.

You visited 1 branch of the dungeon, and saw 2 of its levels.

You collected 64 gold pieces.

Inventory:

Hand Weapons
 a - a +0 trident (weapon)
Missiles
 d - 3 throwing nets (quivered)
Armour
 b - a +0 leather armour (worn)
 c - a +0 helmet (worn)
Jewellery
 m - a ring of flight (left hand)
Wands
 i - a wand of iceblast (8/15)
Scrolls
 e - 2 scrolls of amnesia {unknown}
 g - 2 scrolls of remove curse {unknown}
 h - a scroll of noise {unknown}
 l - a scroll of identify {unknown}
Potions
 j - a potion of lignification {unknown}
 n - 2 potions of curing {unknown}
 o - a potion of flight {unknown}
 p - a potion of heal wounds {unknown}
Comestibles
 f - a bread ration
 k - a royal jelly


   Skills:
 + Level 1.8 Fighting
 + Level 3.5 Polearms
 + Level 1.8 Throwing
 + Level 0.5 Armour
 + Level 3.1 Dodging
 + Level 0.2 Stealth


You had 2 spell levels left.
You didn't know any spells.

Dungeon Overview and Level Annotations

Branches:
Dungeon (2/15)

Annotations:
D:2 Robin


Innate Abilities, Weirdness & Mutations

You have an increased reservoir of magic. (+10% MP)


Message History

The goblin hits you with a dagger.
* * * LOW HITPOINT WARNING * * *
The goblin barely misses you. The goblin hits you but does no damage.
The hobgoblin hits you.
* * * LOW HITPOINT WARNING * * *
The goblin closely misses you. The hobgoblin barely misses you.
The goblin completely misses you.
The hobgoblin no longer looks unusually strong.
The goblin no longer looks unusually strong.
The goblin no longer looks unusually strong.
The goblin barely misses you.
The goblin no longer looks unusually strong.
You hit the goblin.
You kill the goblin!
Attack whom?
Press: ? - help, Dir - move target cursor, f - goblin
Aim: a goblin, wielding a dagger (unusually strong)
You reach to attack!
You closely miss the goblin. The goblin hits you with a dagger.
You die...

#.# #.......#
#.########..##
#.##...# #..#
#.##.#.###..#
#.##.#...gg.#
####....#####.##
####..#.#### #g#
........# #g#
####....# #@#
#.....# #.#
#..#..# #.#
#.....# #.#
#.....# #.#
#####.# ##.# #.#
#..# #.# ##.##
#.# #..#


You could see a hobgoblin and 3 goblins.

Vanquished Creatures
  An ooze (D:2)
  A worm (D:2)
  2 dart slugs (D:1)
  A leopard gecko (D:1)
  5 bats (D:1)
  A giant cockroach (D:2)
  2 hobgoblins
  A quokka (D:2)
  5 frilled lizards
  7 goblins
  2 kobolds (D:2)
  2 rats
30 creatures vanquished.

Notes
Turn   | Place    | Note
-------+----------+-------------------------------------------
     0 | D:1      | Leibowitz the Demigod Gladiator began the quest for the Orb.
     0 | D:1      | Reached XP level 1. HP: 17/17 MP: 3/3
     2 | D:1      | Noticed a felid
     4 | D:1      | Noticed a demonspawn
     4 | D:1      | Noticed a troll
     6 | D:1      | Noticed a ghoul
     6 | D:1      | Noticed a vine stalker
     8 | D:1      | Noticed an elf
     8 | D:1      | Noticed a merfolk
    10 | D:1      | Noticed a vampire
    12 | D:1      | Noticed a naga
    12 | D:1      | Noticed a spriggan
    14 | D:1      | Noticed an ogre
    14 | D:1      | Noticed a minotaur
    16 | D:1      | Noticed a centaur
    16 | D:1      | Noticed a demigod
    18 | D:1      | Noticed a draconian
    18 | D:1      | Noticed a tengu
    20 | D:1      | Noticed an octopode
    20 | D:1      | Noticed a halfling
    22 | D:1      | Noticed a dwarf
    24 | D:1      | Noticed a gargoyle
    26 | D:1      | Noticed a formicid
    26 | D:1      | Noticed a human
   271 | D:1      | Reached XP level 2. HP: 24/24 MP: 4/4
   540 | D:2      | Found a stormy altar of Qazlal.
   542 | D:2      | Noticed an earth elemental
   543 | D:2      | Noticed an air elemental
   543 | D:2      | Noticed a fire elemental
   543 | D:2      | Noticed a water elemental
  1069 | D:2      | Found a bloodstained altar of Trog.
  1073 | D:2      | Found a radiant altar of Vehumet.
  1095 | D:2      | Reached XP level 3. HP: 22/29 MP: 5/5
  1101 | D:2      | Noticed Robin
  1151 | D:1      | HP: 1/29 [goblin/club[Robin] (3)]
  1475 | D:1      | Slain by a goblin

Vault maps used:
D:1:      kb_arrival_jail
D:2:      yredelemnul_altar_generic, chequers_temple_overflow_statue_of_worship,
          first_bread, nicolae_qazlal_style_of_elements, uniq_robin

Skill      XL: |  1  2 |
---------------+-------+-----
Polearms       | 3 |  3.5
Dodging        | 3 |  3.1
Fighting       | |  1.8
Throwing       | |  1.8
Armour         | |  0.5
Stealth        | |  0.2

Action                   || total
-------------------------++-------
Melee: Trident           ||    92
Throw: Throwing net      ||     1
 Stab: Sleeping          ||     2
       Held in net/web   ||     1
Armor: Leather armour    ||    27
Dodge: Dodged            ||    86
